 Dungeon Crawl Stone Soup version 0.27-a0-668-gb5737ff2c0 (webtiles) character file.

Game seed: 13842997582174159644

79 rageheart7 the Stinger (level 4, -3/35 HPs)
             Began as a Ghoul Venom Mage on Mar 17, 2021.
             Was an Initiate of Ashenzari.
             Slain by a gnoll
             ... wielding a +0 spear
              (6 damage)
             ... on level 2 of the Dungeon.
             The game lasted 00:04:56 (2021 turns).

rageheart7 the Stinger (Ghoul Venom Mage)           Turns: 2021, Time: 00:04:57

Health: -3/35      AC:  3    Str: 11    XL:     4   Next: 38%
Magic:  3/7        EV: 12    Int: 11    God:    Ashenzari [......]
Gold:   35         SH:  5    Dex:  9    Spells: 7/8 levels left

rFire    . . .     SeeInvis .   (no weapon)
rCold    + + .     Faith    .   (no shield)
rNeg     + + +     Spirit   .   a - +1 robe
rPois    ∞         Reflect  +   (no helmet)
rElec    .         Harm     .   (no cloak)
rCorr    .         Rampage  .   (no gloves)
Will     .....                  (no boots)
Stlth    ++........             d - amulet of reflection
HPRegen  0.00/turn              b - ring of protection from cold
MPRegen  0.10/turn              (no ring)

@: no status effects
A: claws 1, cold resistance 1, negative energy resistance 3, inhibited
regeneration, torment resistance 2, unbreathing 1
a: Renounce Religion


You were on level 2 of the Dungeon.
You worshipped Ashenzari.
Ashenzari was noncommittal.
You visited 1 branch of the dungeon, and saw 2 of its levels.

You collected 35 gold pieces.

Inventory:

Armour
 a - a +1 robe (worn)
Jewellery
 b - a ring of protection from cold (right claw)
 d - an amulet of reflection (around neck)
Potions
 c - 2 potions of curing
 e - a potion of berserk rage


   Skills:
 * Level 1.6 Fighting
 - Level 1.7 Dodging
 - Level 2.1 Stealth
 * Level 2.7 Spellcasting
 - Level 0.8 Transmutations
 + Level 3.9 Poison Magic


You had 7 spell levels left.
You knew the following spells:

 Your Spells              Type           Power      Damage    Failure   Level
a - Sting                 Tmut/Pois      24%        1d4       10%         1

Your spell library contained the following spells:

 Spells                   Type           Power      Damage    Failure   Level
 Poisonous Vapours        Pois/Air       10%        N/A       19%         2
 Ignite Poison            Fire/Tmut/Pois 5%         N/A       38%         3
 Mephitic Cloud           Conj/Pois/Air  4%         N/A       43%         3
 Olgreb's Toxic Radiance  Pois           10%        N/A       47%         4
 Summon Lightning Spire   Summ/Air       1%         N/A       95%         4
 Silence                  Hex/Air        0%         N/A       100%        5
 Conjure Ball Lightning   Conj/Air       0%         3x3d6     100%        6
 Tornado                  Air            0%         N/A       100%        9


Dungeon Overview and Level Annotations

Branches:
Dungeon (2/15)

Altars:
Ashenzari


Innate Abilities, Weirdness & Mutations

You thrive by killing the living.
You are immune to poison.
You have sharp fingernails.
Your flesh is cold resistant. (rC+)
You are immune to negative energy. (rN+++)
You do not regenerate when monsters are visible.
You are immune to unholy pain and torment.
You can survive without breathing.


Message History

Press: ? - help, Shift-Dir - straight line, f/p - gnoll
Aim: a gnoll, wielding a +0 spear (heavily wounded, very poisoned, 28% to evade)
The sting hits the gnoll but does no damage.
The gnoll looks even sicker.
The gnoll is heavily wounded.
The gnoll hits you from afar with a +0 spear!
You kill the gnoll!
You feel better.
Casting: Sting (safe; 10% risk of failure)
Confirm with . or Enter, or press ? or * to list all spells.
Aiming: Sting (safe; 10% risk of failure)
Press: ? - help, Shift-Dir - straight line, f - gnoll
Aim: a gnoll, wielding a +0 spear (28% to evade)
The sting hits the gnoll but does no damage.
The gnoll is poisoned.
The gnoll hits you with a +0 spear!
You scratch the gnoll but do no damage.
The gnoll is lightly wounded.
The gnoll barely misses you.
You scratch the gnoll.
The gnoll is moderately wounded.
The gnoll hits you with a +0 spear!
* * * LOW HITPOINT WARNING * * *
You closely miss the gnoll.
The gnoll is moderately wounded.
The gnoll hits you with a +0 spear.
* * * LOW HITPOINT WARNING * * *
You barely miss the gnoll.
The gnoll is moderately wounded.
The gnoll hits you with a +0 spear.
* * * LOW HITPOINT WARNING * * *
Casting: Sting (safe; 10% risk of failure)
Confirm with . or Enter, or press ? or * to list all spells.
Aiming: Sting (safe; 10% risk of failure)
Press: ? - help, Shift-Dir - straight line, f/p - gnoll
Aim: a gnoll, wielding a +0 spear (moderately wounded, poisoned, 28% to evade)
The sting hits the gnoll.
The gnoll looks even sicker.
The gnoll is heavily wounded.
The gnoll hits you with a +0 spear.
You die...

...#).#.######.#.###..######
#.##..................#
#.##..<.######...####.#
......(.######.### #.#
#.##.#........)# #.#
#.##.#.#######g# #.#
#.##....######.# #.#
#.##...........######.#
...............g@.....#
#.........#############
###.......# ###...### #...#
#####


You could see a gnoll (very poisoned).

Vanquished Creatures
  A gnoll (D:2)
  2 adders (D:2)
  2 oozes (D:2)
  A worm (D:2)
  A dart slug (D:1)
  11 bats
  A giant cockroach (D:1)
  A goblin (D:2)
  6 hobgoblins
  A quokka (D:1)
  3 frilled lizards
  6 kobolds
  3 rats
39 creatures vanquished.

Notes
Turn   | Place    | Note
-------+----------+-------------------------------------------
     0 | D:1      | rageheart7 the Ghoul Venom Mage began the quest for the
                  | Orb.
     0 | D:1      | Reached XP level 1. HP: 14/14 MP: 2/2
   369 | D:1      | Reached XP level 2. HP: 22/22 MP: 3/3
  1075 | D:2      | Reached skill level 1 in Fighting
  1081 | D:2      | Reached XP level 3. HP: 24/28 MP: 1/5
  1613 | D:2      | Noticed a sky beast
  1627 | D:2      | Found a broken altar of Ashenzari.
  1630 | D:2      | Became a worshipper of Ashenzari the Shackled
  1719 | D:2      | Reached XP level 4. HP: 35/35 MP: 1/6
  2021 | D:2      | Slain by a gnoll

Illustrated notes

Levels and vault maps discovered:
D:1:      sevenhm_arrival_forest_fort_small_6, layout_loops_ring, minivault_19
D:2:      layout_loops_ring, chequers_jeans, ashenzari_altar_1

Skill      XL: |  1  2 |
---------------+-------+-----
Spellcasting   | 2 |  2.7
Fighting       | 1 |  1.6
Dodging        | |  1.7
Stealth        | |  2.1
Transmutations | |  0.8
Poison Magic   | |  3.9

Action                   |  1- 3 |  4- 6 || total
-------------------------+-------+-------++-------
Melee: Unarmed           |   134 |    31 ||   165
 Cast: Sting             |    19 |    10 ||    29
  Use: Scroll            |     1 |       ||     1
 Stab: Sleeping          |     3 |       ||     3
Armor: Robe              |    40 |     7 ||    47
Dodge: Dodged            |    99 |    24 ||   123
Block: Other             |    12 |     5 ||    17

Table legend: (Time is in decaauts)
 A = Elapsed time spent in this place.
 B = Non-inter-level travel time spent in this place.
 C = Inter-level travel time spent in this place.
 D = Time resting spent in this place.
 E = Time spent auto-exploring this place.
 F = Levels seen in this place.
 G = Mean time per level.
                   A        B        C        D        E       F      G
               +--------+--------+--------+--------+--------+-----+--------+
         Total |   2021 |   1982 |     39 |    388 |   1157 |   2 | 1010.5 |
       Dungeon |   2021 |   1982 |     39 |    388 |   1157 |   2 | 1010.5 |
               +--------+--------+--------+--------+--------+-----+--------+

Top non-repeatable levels by time:
     D:1: 1346 daAuts
     D:2: 675 daAuts
